 Dungeon Crawl Stone Soup version 0.28.0-53-g5a82cb258f (webtiles) character file.

Game seed: 16228922942097705700

225 tizbic2 the Quickloader (level 6, -2/50 HPs)
             Began as a Gnoll Hunter on Aug 5, 2022.
             Was a Priest of Cheibriados.
             Killed from afar by an orc wizard (3 damage)
             ... with a magic dart
             ... on level 4 of the Dungeon.
             The game lasted 00:16:51 (3560 turns).

tizbic2 the Quickloader (Gnoll Hunter)              Turns: 3560, Time: 00:16:52

Health: -2/50      AC:  6    Str: 27    XL:     6   Next: 1%
Magic:  8/8        EV: 13    Int: 17    God:    Cheibriados [***...]
Gold:   1426       SH:  7    Dex: 19    Spells: 7/8 levels left

rFire   . . .      SeeInvis .   a - +0 mace
rCold   . . .      Faith    .   u - +2 buckler "Zyhuc" {*Slow Slay+5 Stlth+}
rNeg    . . .      Spirit   .   m - +0 ring mail
rPois   .          Reflect  .   (no helmet)
rElec   .          Harm     .   h - +0 cloak
rCorr   .          Rampage  .   (no gloves)
Will    .....                   (no boots)
Stlth   +++.......              (no amulet)
HPRegen 0.16/turn               j - +6 ring of strength
MPRegen 0.11/turn               (no ring)

@: flying, very slow
A: fangs 1, strong nose, distributed training
a: Renounce Religion, Bend Time, Temporal Distortion


You were on level 4 of the Dungeon.
You worshipped Cheibriados.
Cheibriados was most pleased with you.
You visited 1 branch of the dungeon, and saw 4 of its levels.

You collected 1426 gold pieces.

Inventory:

Hand Weapons
 a - a +0 mace (weapon)
 q - a +0 hand axe
 w - a +1 hand crossbow
Missiles
 d - 27 bolts
 f - 111 stones (quivered)
 k - 6 poisoned darts
 p - 19 arrows
 r - a boomerang
Armour
 c - a +0 leather armour
 g - a +0 plate armour
 h - a +0 cloak (worn)
 m - a +0 ring mail (worn)
 s - a +0 chain mail
 u - the +2 buckler "Zyhuc" (worn) {*Slow Slay+5 Stlth+}
   (You acquired it on level 3 of the Dungeon)

   Slay:      It affects your accuracy & damage with ranged weapons and melee
   (+5).
   *Slow:     It may slow you when you take damage.
   Stlth:     It makes you more stealthy.
Magical Staves
 e - a staff of fire
Jewellery
 j - a +6 ring of strength (left hand)
Wands
 n - a wand of mindburst (11)
Scrolls
 b - a scroll of vulnerability {unknown}
 l - a scroll of amnesia
 o - a scroll of acquirement


   Skills:
 + Level 4.9 Fighting
 + Level 1.7 Short Blades
 + Level 1.7 Long Blades
 + Level 1.7 Axes
 + Level 1.7 Maces & Flails
 + Level 1.7 Polearms
 + Level 1.7 Staves
 + Level 1.7 Slings
 + Level 1.7 Bows
 + Level 8.7 Crossbows
 + Level 1.7 Throwing
 + Level 1.7 Armour
 + Level 4.9 Dodging
 + Level 2.9 Stealth
 + Level 1.7 Shields
 + Level 1.7 Unarmed Combat
 + Level 1.7 Spellcasting
 + Level 1.3 Conjurations
 + Level 1.3 Hexes
 + Level 1.3 Summonings
 + Level 1.3 Necromancy
 + Level 1.3 Translocations
 + Level 1.3 Transmutations
 + Level 1.3 Fire Magic
 + Level 1.3 Ice Magic
 + Level 1.3 Air Magic
 + Level 1.3 Earth Magic
 + Level 1.3 Poison Magic
 + Level 2.0 Invocations
 + Level 1.7 Evocations


You had 7 spell levels left.
You knew the following spells:

 Your Spells              Type           Power      Damage    Failure   Level
a - Slow                  Hex            24%        N/A       22%         1

Your spell library contained the following spells:

 Spells                   Type           Power      Damage    Failure   Level
 Confusing Touch          Hex            6%         N/A       56%         3
 Dazzling Flash           Conj/Hex       12%        N/A       56%         3
 Ignite Poison            Fire/Tmut/Pois 6%         N/A       56%         3
 Mephitic Cloud           Conj/Pois/Air  6%         N/A       56%         3
 Vampiric Draining        Necr           6%         2d6       56%         3
 Iskenderun's Mystic Bla  Conj/Tloc      6%         2d4       92%         4
 Freezing Cloud           Conj/Ice/Air   3%         6-21      99%         5
 Summon Forest            Summ/Tloc      3%         N/A       99%         5
 Summon Mana Viper        Hex/Summ       6%         N/A       99%         5
 Yara's Violent Unravell  Hex/Tmut       3%         3d4       99%         5
 Starburst                Conj/Fire      3%         6d3       100%        6
 Summon Cactus Giant      Summ           3%         N/A       100%        6
 Enfeeble                 Hex            3%         N/A       100%        7


Dungeon Overview and Level Annotations

Branches:
Dungeon (4/15)
 Temple: D:4-7

Altars:
Cheibriados


Innate Abilities, Weirdness & Mutations

You have very sharp teeth.
Your uncanny sense of smell can sniff out nearby items.
Your experience applies equally to all skills.


Message History

You hit the orc.
The orc is heavily wounded.
Something hits you but does no damage.
You hear some strange, mumbled words.
A puff of flame appears from out of thin air!
The puff of flame hits you! The orc hits you with a +0 hand axe.
You sock the orc!
You kill the orc!
Cheibriados appreciates the change of pace.
Something hits you.
You hear some strange, mumbled words.
A magic dart appears from out of thin air!
The magic dart hits you!
* * * LOW HITPOINT WARNING * * *
The orc priest miscasts a cantrip.
Something hits you but does no damage.
You hear some strange, mumbled words.
A puff of flame appears from out of thin air!
The puff of flame hits you!
* * * LOW HITPOINT WARNING * * *
Your Invocations skill increases to level 2!
You are too confused!
It was a potion of flight.
You feel very buoyant.
You fly up into the air.
You feel less confused. The orc priest misses you.
You block something's attack. Something hits you but does no damage.
You fail to use your ability.
You block the orc priest's attack. Something hits you.
* * * LOW HITPOINT WARNING * * *
Something hits you.
* * * LOW HITPOINT WARNING * * *
Okay, then.
You fail to use your ability.
The orc priest hits you but does no damage.
You hear some strange, mumbled words.
A magic dart appears from out of thin air!
The magic dart hits you.
You die...

##............#
##..#
#......>....##
#...
###....######
... #.†### ..
#..# #..#####
##.##...#
#..#....##
#....)@..#
#....{{o.#
#........#
#........##
##.........#
#..........#
#..........#
#..........#
#..........##


You could see an orc priest.

Vanquished Creatures
  A hound (D:3)
  An orc priest (D:3)
  A centaur skeleton (D:4)
  5 adders
  A worm (D:2)
  A dart slug (D:1)
  6 orcs
  A bat (D:3)
  6 endoplasms
  10 giant cockroaches
  6 goblins
  10 hobgoblins
  A jackal (D:2)
  9 quokkas
  A ball python (D:4)
  4 frilled lizards
  7 kobolds
  3 rats
74 creatures vanquished.

Notes
Turn   | Place    | Note
-------+----------+-------------------------------------------
     0 | D:1      | tizbic2 the Gnoll Hunter began the quest for the Orb.
     0 | D:1      | Reached XP level 1. HP: 20/20 MP: 1/1
   177 | D:1      | Reached XP level 2. HP: 26/26 MP: 2/2
   530 | D:1      | Found a faded altar of an unknown god.
   536 | D:1      | Prayed at the altar of an unknown god.
   536 | D:1      | Became a worshipper of Cheibriados the Contemplative
   536 | D:1      | Reached * piety under Cheibriados
  1063 | D:1      | Reached XP level 3. HP: 31/31 MP: 3/3
  1427 | D:2      | Reached skill level 1 in Invocations
  1791 | D:2      | Reached skill level 1 in Short Blades
  1791 | D:2      | Reached skill level 1 in Long Blades
  1791 | D:2      | Reached skill level 1 in Axes
  1791 | D:2      | Reached skill level 1 in Maces & Flails
  1791 | D:2      | Reached skill level 1 in Polearms
  1791 | D:2      | Reached skill level 1 in Staves
  1791 | D:2      | Reached skill level 1 in Slings
  1791 | D:2      | Reached skill level 1 in Bows
  1791 | D:2      | Reached skill level 1 in Throwing
  1791 | D:2      | Reached skill level 1 in Armour
  1791 | D:2      | Reached skill level 1 in Shields
  1791 | D:2      | Reached skill level 1 in Unarmed Combat
  1791 | D:2      | Reached skill level 1 in Spellcasting
  1791 | D:2      | Reached skill level 1 in Evocations
  1928 | D:2      | Reached XP level 4. HP: 22/38 MP: 5/5
  1930 | D:2      | Reached ** piety under Cheibriados
  2174 | D:2      | Learned a level 1 spell: Slow
  2333 | D:2      | Found a snail-covered altar of Cheibriados.
  2617 | D:3      | Reached skill level 1 in Conjurations
  2617 | D:3      | Reached skill level 1 in Hexes
  2617 | D:3      | Reached skill level 1 in Summonings
  2617 | D:3      | Reached skill level 1 in Necromancy
  2617 | D:3      | Reached skill level 1 in Translocations
  2617 | D:3      | Reached skill level 1 in Transmutations
  2617 | D:3      | Reached skill level 1 in Fire Magic
  2617 | D:3      | Reached skill level 1 in Ice Magic
  2617 | D:3      | Reached skill level 1 in Air Magic
  2617 | D:3      | Reached skill level 1 in Earth Magic
  2617 | D:3      | Reached skill level 1 in Poison Magic
  2750 | D:3      | Identified 3 scrolls of acquirement
  2750 | D:3      | Acquired 713 gold pieces
  2753 | D:3      | Acquired the +2 buckler "Zyhuc" {*Slow Slay+5 Stlth+}
  2755 | D:3      | Acquired 611 gold pieces
  2798 | D:3      | Reached XP level 5. HP: 43/43 MP: 6/6
  2934 | D:3      | Reached *** piety under Cheibriados
  3531 | D:4      | Reached XP level 6. HP: 36/50 MP: 8/8
  3559 | D:4      | HP: 2/50 [something (3)]
  3560 | D:4      | Killed from afar by an orc wizard

Illustrated notes

Levels and vault maps discovered:
D:1:      psy_arrival_radial01, layout_loops_ring,
          ebering_ecumenical_altar_hall, minmay_misc_feat_enclosed
D:2:      layout_loops_corners, basic_altar, minmay_small_reverse_x
D:3:      kennysheep_six_static_rooms, layout_rooms, minmay_misc_feat_plants
D:4:      layout_cave_pods, uniq_edmund

Skill      XL: |  1  2  3  4  5  6 |
---------------+-------------------+-----
Invocations    | 1 2 |  2.0
Short Blades   | 1 |  1.7
Long Blades    | 1 |  1.7
Axes           | 1 |  1.7
Maces & Flails | 1 |  1.7
Polearms       | 1 |  1.7
Staves         | 1 |  1.7
Slings         | 1 |  1.7
Bows           | 1 |  1.7
Throwing       | 1 |  1.7
Armour         | 1 |  1.7
Shields        | 1 |  1.7
Unarmed Combat | 1 |  1.7
Spellcasting   | 1 |  1.7
Evocations     | 1 |  1.7
Conjurations   | 1 |  1.3
Hexes          | 1 |  1.3
Summonings     | 1 |  1.3
Necromancy     | 1 |  1.3
Translocations | 1 |  1.3
Transmutations | 1 |  1.3
Fire Magic     | 1 |  1.3
Ice Magic      | 1 |  1.3
Air Magic      | 1 |  1.3
Earth Magic    | 1 |  1.3
Poison Magic   | 1 |  1.3
Fighting       | |  4.9
Crossbows      | |  8.7
Dodging        | |  4.9
Stealth        | |  2.9

Action                   |  1- 3 |  4- 6 || total
-------------------------+-------+-------++-------
Melee: Staff             |    35 |       ||    35
       Bite              |     7 |     2 ||     9
       Punch             |     3 |       ||     3
       Mace              |    24 |    26 ||    50
 Fire: Hand crossbow     |    35 |    57 ||    92
 Cast: Slow              |       |     1 ||     1
  Use: Potion            |     2 |     2 ||     4
       Scroll            |       |     9 ||     9
 Stab: Sleeping          |     2 |       ||     2
Armor: Plate armour      |     7 |       ||     7
       Leather armour    |    10 |     1 ||    11
       Ring mail         |       |    16 ||    16
Dodge: Dodged            |    49 |    28 ||    77
Block: Buckler           |       |    11 ||    11
